 Dungeon Crawl Stone Soup version 0.30-a0-743-gbfdf073431 (webtiles) character file.

Game seed: 1717335735907826259

84 octoduck the Ruffian (level 4, -1/38 HPs)
             Began as a Ghoul Monk on Feb 7, 2023.
             Slain by an orc priest
             ... wielding a +1 heavy hand axe
              (6 damage)
             ... on level 3 of the Dungeon.
             The game lasted 00:05:28 (1992 turns).

octoduck the Ruffian (Ghoul Monk)                   Turns: 1992, Time: 00:05:29

Health: -1/38      AC:  6    Str: 16    XL:     4   Next: 46%
Magic:  3/3        EV: 12    Int:  5    God:
Gold:   122        SH:  0    Dex: 11    Spells: 3/3 levels left

rFire   . . .      SeeInvis .      - Unarmed
rCold   + . .      Faith    .    (no shield)
rNeg    + + +      Spirit   .    j - +0 leather armour
rPois   ∞          Reflect  .    (no helmet)
rElec   .          Harm     .    p - +2 cloak
rCorr   .          Rampage  .    (no gloves)
Will    .....                    (no boots)
Stlth   ++                       (no amulet)
HPRegen 0.00/turn                d - ring of flight
MPRegen 0.08/turn                (no ring)

@: about to teleport, flying, inhibited regen
A: claws 1, cold resistance 1, negative energy resistance 3, inhibited
regeneration, torment resistance 2, devour on kill
a: no special abilities


You were on level 3 of the Dungeon.
You visited 1 branch of the dungeon, and saw 3 of its levels.

You collected 122 gold pieces.

Inventory:

Hand Weapons
 h - a +0 sling
Missiles
 g - 2 poisoned darts (quivered)
 i - a throwing net
 n - 2 silver boomerangs
Armour
 j - a +0 leather armour (worn)
 p - a +2 cloak (worn)
 q - a +0 plate armour
Jewellery
 d - a ring of flight (left claw)
 f - a ring of wizardry
 o - a ring of magical power
Scrolls
 c - a scroll of immolation {unknown}
Potions
 a - a potion of curing {unknown}
 b - a potion of ambrosia
 k - a potion of heal wounds {unknown}
 l - 2 potions of haste {unknown}
 m - 2 potions of mutation {unknown}


   Skills:
 - Level 3.2 Fighting
 + Level 3.4 Dodging
 - Level 2.1 Stealth
 * Level 5.0 Unarmed Combat


You had 3 spell levels left.
You didn't know any spells.
Your spell library contained the following spells:

 Spells                   Type           Power      Damage    Failure   Level
 Sting                    Tmut/Pois      0%         1d3       54%         1
 Poisonous Vapours        Pois/Air       0%         N/A       69%         2
 Olgreb's Toxic Radiance  Pois           0%         N/A       100%        4


Dungeon Overview and Level Annotations

Branches:
Dungeon (3/15)

Altars:

Shops:
D:3 *


Innate Abilities, Weirdness & Mutations

You are immune to poison.
You have sharp fingernails.
Your flesh is cold resistant. (rC+)
You are immune to negative energy. (rN+++)
You do not regenerate when monsters are visible.
You are immune to unholy pain and torment.
You thrive by killing the living.


Message History

You scratch the orc.
The orc is heavily wounded.
The orc barely misses you.
You scratch the orc but do no damage.
The orc is heavily wounded.
The orc misses you.
You claw the orc!
You kill the orc!
You feel better.
The orc priest calls upon Beogh to heal the orc wizard.
The orc wizard is healed somewhat.
Your Unarmed Combat skill increases to level 5!
You claw the orc!
You kill the orc!
You feel better.
You scratch the orc priest.
The orc priest is lightly wounded.
The orc priest hits you with a +1 heavy hand axe!
You scratch the orc priest but do no damage.
The orc priest is lightly wounded.
You scratch the orc priest but do no damage.
The orc priest is lightly wounded.
The orc priest looks encouraged for a moment.
You scratch the orc priest.
The orc priest is heavily wounded.
The orc priest hits you with a +1 heavy hand axe!
You closely miss the orc priest.
The orc priest is heavily wounded.
You scratch the orc priest.
You claw the orc priest, but do no damage.
The orc priest is heavily wounded.
The orc priest hits you with a +1 heavy hand axe!
* * * LOW HITPOINT WARNING * * *
The orc wizard casts a spell.
The orc wizard flickers and vanishes!
Deactivating autopickup; reactivate with Ctrl-A.
As you read the scroll of teleportation, it crumbles to dust.
You feel strangely unstable.
The orc priest hits you with a +1 heavy hand axe.
You die...

..'........ ###......## #
.....#.# ##.###.#.# ##.#<#.#.#
##.#.#.#.### ##.#...#.##.:
##........#...###############
######....+>?.)o@......)....##
#.........#...#############..#
#.########### ###########.##
#.# #............## #.#
#....:.....#..## ..#
#..........##... ###
####.......+....
...........####. ####....#.##
#.


You could see an orc priest.

Vanquished Creatures
  3 adders
  A dart slug (D:1)
  2 orcs (D:3)
  4 ball pythons
  4 bats
  8 endoplasms
  A giant cockroach (D:2)
  2 goblins
  4 hobgoblins
  5 jackals (D:2)
  6 kobolds
  A quokka (D:1)
  3 frilled lizards
  6 rats
50 creatures vanquished.

Notes
Turn   | Place    | Note
-------+----------+-------------------------------------------
     0 | D:1      | octoduck the Ghoul Monk began the quest for the Orb.
     0 | D:1      | Reached XP level 1. HP: 19/19 MP: 0/0
   439 | D:1      | Reached XP level 2. HP: 26/26 MP: 1/1
   547 | D:1      | Reached skill level 4 in Unarmed Combat
   748 | D:1      | Reached XP level 3. HP: 31/31 MP: 2/2
  1572 | D:2      | Reached XP level 4. HP: 38/38 MP: 3/3
  1719 | D:3      | Found Yhucoag's Assorted Antiques.
  1984 | D:3      | Reached skill level 5 in Unarmed Combat
  1992 | D:3      | Slain by an orc priest

Illustrated notes

Levels and vault maps discovered:
D:1:      heliophobic_arrival_enchanted_forest, layout_basic
D:2:      layout_basic
D:3:      layout_basic, serial_shops, nicolae_shop_hallway_plus, minivault_14

Skill      XL: |  1  2  3  4 |
---------------+-------------+-----
Dodging        | 3 |  3.4
Unarmed Combat | 4 5 |  5.0
Fighting       | |  3.2
Stealth        | |  2.1

Action                     |  1- 3 |  4- 6 || total
---------------------------+-------+-------++-------
  Melee: Unarmed           |   116 |    39 ||   155
         Punch             |     2 |     1 ||     3
    Use: Scroll            |     4 |     3 ||     7
   Stab: Sleeping          |     3 |     1 ||     4
 Armour: Leather armour    |    30 |    12 ||    42
  Dodge: Dodged            |    76 |    19 ||    95

Table legend: (Time is in decaauts)
 A = Elapsed time spent in this place.
 B = Non-inter-level travel time spent in this place.
 C = Inter-level travel time spent in this place.
 D = Time resting spent in this place.
 E = Time spent auto-exploring this place.
 F = Levels seen in this place.
 G = Mean time per level.
                   A        B        C        D        E       F      G
               +--------+--------+--------+--------+--------+-----+--------+
         Total |   1977 |   1855 |    122 |     90 |   1292 |   3 |  659.0 |
       Dungeon |   1977 |   1855 |    122 |     90 |   1292 |   3 |  659.0 |
               +--------+--------+--------+--------+--------+-----+--------+

Top non-repeatable levels by time:
     D:1: 987 daAuts
     D:2: 636 daAuts
     D:3: 353 daAuts
